 Dungeon Crawl Stone Soup version 0.01-2161-g8ec87df2bd (webtiles) character file.

Game seed: 10183014254134077203, levelgen mode: deterministic

102 KleinerIrrer the Insei (level 4, -9/24 HPs) Silent Spectre Priest. Began on July 2, 2020. Was a Believer of Sif Muna. Mangled by Menkaure (21 damage) ... on level 2 of the Dungeon. The game lasted 00:05:48 (1080 turns).

KleinerIrrer the Insei (Silent Spectre Priest)      Turns: 1080, Time: 00:05:50

Health: -9/24      AC:  2    Str: 12    XL:     4 ^: 49
Magic:  9/9        EV: 16    Int: 13    God:    Sif Muna [2* [55]]
Gold:   73         SH:  0    Dex: 14    Spells: 3/3 levels left

rFire    . . .     Vision   .     - Unarmed
rCold    . . .     Gourm    .     - Unarmed
rNeg     + + +     Faith    .   a - +0 robe
rPois    ∞         Spirit   .   (no helmet)
rElec    .         Reflect  .   (no cloak)
rCorr    .         Harm     .   (no gloves)
MR       .....                  (no boots)
Stlth    ++........             (no amulet)
HPRegen  0.18/turn              (no ring)
MPRegen  0.19/turn              (no ring)

@: silenced
A: silence aura, negative energy resistance 3, torment resistance, unbreathing,
petrification resistance, silent casting, insubstantial
a: Divine Energy, Renounce Religion


You were on level 2 of the Dungeon.
You worshipped Sif Muna.
Sif Muna was pleased with you.
You were not hungry.

You visited 1 branch of the dungeon, and saw 2 of its levels.
You also visited: Temple.

You collected 73 gold pieces.

Inventory:

Armour
 a - a +0 robe (worn)
Jewellery
 b - an uncursed amulet of faith
Potions
 c - a potion of magic
 d - a potion of curing


   Skills:
 * Level 0.1 Fighting
 + Level 3.1 Dodging
 - Level 2.4 Stealth
 + Level 5.0 Unarmed Combat
 - Level 2.9 Invocations


You had 3 spell levels left.
You didn't know any spells.
Your spell library was empty.

Dungeon Overview and Level Annotations

Branches:
Dungeon (2/8)

Altars:

Annotations:
D:2 Menkaure


Innate Abilities, Weirdness & Mutations

You are surrounded by an aura of unnatural quiet.
You are immune to poison.
You are immune to negative energy. (rN+++)
You are immune to unholy pain and torment.
You can survive without breathing.
You are immune to petrification.
You can communicate with gods and cast spells while silenced.
Your insubstantial form boosts your evasion and grants immunity to sticky flames, nets and constriction.


Message History

You hit Menkaure but do no damage.
Menkaure is heavily damaged. (12/23) HP You barely miss Menkaure.
Menkaure is heavily damaged. (12/23) HP Menkaure hits you (1).
You hit Menkaure (1).
Menkaure is heavily damaged. (11/23) HP You hit Menkaure but do no damage.
Menkaure is heavily damaged. (11/23) HP You hit Menkaure (2).
Menkaure is severely damaged. (9/23) HP You hit Menkaure but do no damage.
Menkaure is severely damaged. (9/23) HP You hit Menkaure but do no damage.
Menkaure is severely damaged. (9/23) HP You hit Menkaure (4).
Menkaure is severely damaged. (5/23) HP Menkaure hits you (21)!!
Ouch! That really hurt!
You die...

.≈≈### ....# ...≈#
...≈# #... #.. .≈
#M## # ...###≈
####@.#≈# #...≈.#
#≈.....# #.....#
#....≈##
##...≈####.....≈#
#≈........≈.....#
≈.
#.......††##..P##
≈≈≈#≈.......##≈####
≈≈..≈......≈# ≈
≈≈..≈..<....##P


You could see Menkaure.

Vanquished Creatures
  6 sewer rats
  2 cinder newts (D:1)
  3 oozes (D:1)
  A giant cockroach (D:1)
  A goblin (D:1)
  5 hobgoblins (D:1)
  A ball python (D:1)
  4 bats (D:1)
  A kobold (D:1)
  3 rats (D:1)
27 creatures vanquished.

Notes
Turn   | Place    | Note
-------+----------+-------------------------------------------
     0 | Start Te | KleinerIrrer the Silent Spectre Priest began the quest for
                  | the Orb.
     0 | Start Te | Reached XP level 1. HP: 10/10 MP: 5/5
     0 | Start Te | Found a sparkling altar of Nemelex Xobeh.
     4 | Start Te | Found a basalt altar of Yredelemnul.
     4 | Start Te | Found a white marble altar of Elyvilon.
     5 | Start Te | Found an iron altar of Okawaru.
    10 | Start Te | Became a worshipper of Sif Muna the Loreminder
    10 | Start Te | Reached * piety under Sif Muna
    10 | Start Te | Reached ** piety under Sif Muna
    15 | Start Te | Found a glowing silver altar of Zin.
    15 | Start Te | Found a blossoming altar of Fedhas.
    16 | Start Te | Found a stormy altar of Qazlal.
    17 | Start Te | Found a glowing golden altar of the Shining One.
    17 | Start Te | Found an opulent altar of Gozag.
    18 | Start Te | Found a sacrificial altar of Ru.
    19 | Start Te | Found a faded altar of an unknown god.
    19 | Start Te | Found a hazy altar of Hepliaklqana.
   132 | D:1      | Reached XP level 2. HP: 15/15 MP: 7/7
   224 | D:1      | Reached skill level 4 in Unarmed Combat
   224 | D:1      | Reached XP level 3. HP: 18/19 MP: 8/8
  1014 | D:1      | Reached XP level 4. HP: 24/24 MP: 9/9
  1062 | D:2      | Reached skill level 5 in Unarmed Combat
  1066 | D:2      | Noticed Menkaure
  1080 | D:2      | Mangled by Menkaure

Levels and vault maps discovered:
D:1:      nicolae_arrival_washed_ashore, layout_loops_ring,
          minmay_misc_feat_hallway, minmay_pentomino_q4
D:2:      layout_sewer, grunt_dithmenos_smoke, lemuel_crystal_altar, tgw_sif,
          serial_shops, nicolae_shop_statue_plus, first_ration, minivault_24,
          hangedman_glass_teeth, minmay_increasing_density, uniq_menkaure,
          uniq_purgy, uniq_blork_the_orc

Skill      XL: |  1  2  3  4 |
---------------+-------------+-----
Unarmed Combat | 4 5 |  5.0
Dodging        | 3 |  3.1
Fighting       | |  0.1
Stealth        | |  2.4
Invocations    | |  2.9

Action                   |  1- 3 |  4- 6 || total
-------------------------+-------+-------++-------
Melee: Unarmed           |   171 |    72 ||   243
 Stab: Sleeping          |     5 |       ||     5
Armor: Robe              |     7 |       ||     7
Dodge: Dodged            |    42 |    12 ||    54
